 Dungeon Crawl Stone Soup version 0.30-a0-359-gd0147acb1a (webtiles) character file.

Game seed: 652657164995622518

87 Gismaildir the Trooper (level 4, -2/60 HPs)
             Began as a Minotaur Fighter on Nov 12, 2022.
             Killed from afar by an orc wizard (9 damage)
             ... with a magic dart
             ... on level 4 of the Dungeon.
             The game lasted 00:03:25 (1815 turns).

Gismaildir the Trooper (Minotaur Fighter)           Turns: 1815, Time: 00:03:26

Health: -2/60      AC:  8    Str: 23    XL:     4   Next: 28%
Magic:  3/3        EV: 10    Int:  5    God:
Gold:   150        SH:  0    Dex:  9    Spells: 3/3 levels left

rFire   . . .      SeeInvis .    a - +2 war axe (venom)
rCold   . . .      Faith    .    c - +1 buckler
rNeg    + . .      Spirit   .    b - +0 scale mail
rPois   .          Reflect  .    (helmet restricted)
rElec   .          Harm     .    (no cloak)
rCorr   .          Rampage  .    l - +0 pair of gloves
Will    .....                    (no boots)
Stlth   ..........               (no amulet)
HPRegen 0.30/turn                j - ring of positive energy
MPRegen 0.08/turn                m - ring of flight

@: confused, berserking (expiring), flying, very quick
A: horns 2, retaliatory headbutt
a: no special abilities


You were on level 4 of the Dungeon.
You visited 1 branch of the dungeon, and saw 4 of its levels.

You collected 150 gold pieces.

Inventory:

Hand Weapons
 a - a +2 war axe of venom (weapon)
Armour
 b - a +0 scale mail (worn)
 c - a +1 buckler (worn)
 l - a +0 pair of gloves (worn)
Jewellery
 j - a ring of positive energy (left hand)
 m - a ring of flight (right hand)
Scrolls
 n - a scroll of teleportation
Potions
 d - a potion of might
 f - a potion of ambrosia {unknown}
 g - a potion of mutation {unknown}
 h - a potion of degeneration {unknown}
 k - a potion of cancellation
 o - 3 potions of resistance


   Skills:
 + Level 4.2 Fighting
 + Level 3.2 Axes
 + Level 4.2 Armour
 + Level 1.7 Dodging
 + Level 4.2 Shields


You had 3 spell levels left.
You didn't know any spells.
Your spell library contained the following spells:

 Spells                   Type           Power      Damage    Failure   Level
 Blink                    Tloc           0%         N/A       95%         2
 Vhi's Electric Charge    Tloc/Air       0%         N/A       99%         3
 Manifold Assault         Tloc           0%         N/A       100%        4
 Arcjolt                  Conj/Air       0%         1d10      100%        5
 Storm Form               Tmut/Air       0%         N/A       100%        7
 Maxwell's Capacitive Co  Air            0%         ∞         100%        8


Dungeon Overview and Level Annotations

Branches:
Dungeon (4/15)
 Temple: D:4-7

Altars:
Cheibriados


Innate Abilities, Weirdness & Mutations

You have a pair of horns on your head.
You reflexively headbutt those who attack you in melee.


Message History

The orc priest hits you with a +0 hand axe.
* * * LOW HITPOINT WARNING * * *
You bump into the dead tree.
You feel a strong urge to attack something.
The adder zombie closely misses you.
You bump into the dead tree.
The adder zombie bites you but does no damage.
The orc priest hits you but does no damage.
The orc wizard hits you with a +0 dagger.
* * * LOW HITPOINT WARNING * * *
Unknown command.
You slash the orc wizard! Your headbutt misses the orc wizard.
The orc wizard is heavily wounded.
You slash the orc priest! You closely miss the adder zombie.
The adder zombie closely misses you.
The orc priest hits you with a +0 hand axe.
* * * LOW HITPOINT WARNING * * *
The orc wizard barely misses you.
You're too confused to move!
The adder zombie bites you but does no damage.
The orc wizard casts a spell at you.
You are more confused.
The orc priest misses you.
Unknown command.
You miss the orc priest.
The orc priest is almost dead.
You slash the adder zombie!
You destroy the adder zombie!
You barely miss the orc wizard.
Unknown command.
You miss the orc priest. Your headbutt misses the orc priest.
The orc priest is almost dead.
You closely miss the orc wizard.
The orc priest hits you but does no damage.
The orc wizard barely misses you.
Unknown command.
You bump into the dead tree.
The orc wizard points at you and mumbles some strange words.
The magic dart hits you!
You die...

#.# ##### #.### ##
###.... .... ...
#...... #.. ...#
#...... #.###.#.#
#......##........
#.....#o.o...o....
♣o♣#Z........
..♣.♣@♣♣.....#.##
♣...oo)♣........
♣.♣♣♣♣♣.♣♣.......
.#♣ ♣♣.♣....## ..♣
♣.♣..#.... ..♣
♣..♣.#.###
♣.♣♣♣♣♣K♣....#
♣.♣.♣.♣♣.#####+#
♣.♣l♣♣..#......


You could see an orc priest, an orc wizard and 2 orcs.

Vanquished Creatures
  3 adders
  An adder zombie (D:4)
  A worm (D:3)
  4 orcs
  2 bats
  2 endoplasms
  3 giant cockroaches (D:1)
  3 hobgoblins
  2 jackals (D:1)
  3 kobolds
  2 quokkas
  A ball python (D:4)
  5 frilled lizards
  8 goblins
  7 rats
47 creatures vanquished.

Notes
Turn   | Place    | Note
-------+----------+-------------------------------------------
     0 | D:1      | Gismaildir the Minotaur Fighter began the quest for the
                  | Orb.
     0 | D:1      | Reached XP level 1. HP: 19/19 MP: 0/0
   133 | D:1      | Reached XP level 2. HP: 27/27 MP: 1/1
   406 | D:1      | Reached skill level 1 in Dodging
   424 | D:1      | You fall into a shaft and drop 1 floor!
   483 | D:2      | Reached XP level 3. HP: 28/33 MP: 2/2
  1006 | D:3      | Found a snail-covered altar of Cheibriados.
  1276 | D:3      | Reached XP level 4. HP: 36/40 MP: 3/3
  1815 | D:4      | Killed from afar by an orc wizard

Illustrated notes

Levels and vault maps discovered:
D:1:      doesnt_arrival_eight_statues, layout_basic,
          chequers_serial_rivers_micro_d, st_stairs_9
D:2:      layout_rooms
D:3:      layout_basic, cheibriados_altar_1, serial_bayou_ford_a, corexii_shack,
          kennysheep_generic_room_15
D:4:      layout_basic, nicolae_hepliaklqana_monster_ancestors,
          kennysheep_vampire_church, nicolae_yredelemnul_corpse_copse,
          grunt_decor_arrowhead, uniq_crazy_yiuf_cottage

Skill      XL: |  1  2  3 |
---------------+----------+-----
Dodging        | 1 |  1.7
Fighting       | 4 |  4.2
Armour         | 4 |  4.2
Shields        | 4 |  4.2
Axes           | 3 |  3.2

Action                   |  1- 3 |  4- 6 || total
-------------------------+-------+-------++-------
Melee: War axe           |    75 |    24 ||    99
       Headbutt          |     7 |     3 ||    10
  Use: Scroll            |     7 |     2 ||     9
       Potion            |       |     2 ||     2
Armor: Scale mail        |    37 |    23 ||    60
Dodge: Dodged            |    43 |    17 ||    60
Block: Buckler           |    16 |     7 ||    23

Table legend: (Time is in decaauts)
 A = Elapsed time spent in this place.
 B = Non-inter-level travel time spent in this place.
 C = Inter-level travel time spent in this place.
 D = Time resting spent in this place.
 E = Time spent auto-exploring this place.
 F = Levels seen in this place.
 G = Mean time per level.
                   A        B        C        D        E       F      G
               +--------+--------+--------+--------+--------+-----+--------+
         Total |   1851 |   1765 |     86 |      0 |   1392 |   4 |  462.8 |
       Dungeon |   1851 |   1765 |     86 |      0 |   1392 |   4 |  462.8 |
               +--------+--------+--------+--------+--------+-----+--------+

Top non-repeatable levels by time:
     D:3: 862 daAuts
     D:1: 513 daAuts
     D:2: 409 daAuts
     D:4: 65 daAuts
